 Dungeon Crawl Stone Soup version 0.28.0-43-g3370ac3207 (webtiles) character file.

Game seed: 15049682020900000785

69 TahmSelleck the Ruffian (level 4, -4/35 HPs)
             Began as a Draconian Transmuter on Mar 9, 2022.
             Was a Follower of Dithmenos.
             Slain by Ijyb
             ... wielding a +4 club
              (7 damage)
             ... on level 3 of the Dungeon.
             The game lasted 00:03:43 (3173 turns).

TahmSelleck the Ruffian (Draconian Transmuter)      Turns: 3173, Time: 00:03:44

Health: -4/35      AC:  5    Str: 14    XL:     4   Next: 2%
Magic:  6/7        EV: 12    Int: 14    God:    Dithmenos [*.....]
Gold:   151        SH:  0    Dex: 11    Spells: 6/7 levels left

rFire   + . .      SeeInvis .     - Unarmed
rCold   . . .      Faith    .   (no shield)
rNeg    . . .      Spirit   .   (armour unavailable)
rPois   .          Reflect  .   (helmet currently unavailable)
rElec   .          Harm     .   (no cloak)
rCorr   .          Rampage  .   (no gloves)
Will    .....                   (boots currently unavailable)
Stlth   ++........              (no amulet)
HPRegen 0.11/turn               (no ring)
MPRegen 0.10/turn               (no ring)

@: appendages, wreathed by umbra
A: horns 2, talons 2, AC +5, unfitting armour, cold-blooded, fire resistance 1,
evolution 1
a: End Transformation, Renounce Religion


You were on level 3 of the Dungeon.
You worshipped Dithmenos.
Dithmenos was aware of your devotion.
You had temporarily grown beastly horns and talons.
You visited 1 branch of the dungeon, and saw 3 of its levels.

You collected 151 gold pieces.

Inventory:

Jewellery
 c - a ring of flight
 h - a ring of positive energy
Wands
 i - a wand of mindburst (12)
Scrolls
 a - a scroll of enchant armour {unknown}
 b - a scroll of magic mapping {unknown}
 d - 3 scrolls of identify {unknown}
 f - a scroll of enchant weapon
 j - a scroll of teleportation {unknown}
 k - a scroll of summoning {unknown}
 l - a scroll of torment {unknown}
Potions
 e - a potion of curing {unknown}
 g - a potion of flight {unknown}


   Skills:
 + Level 1.1 Fighting
 + Level 2.3 Dodging
 + Level 1.1 Stealth
 + Level 4.1 Unarmed Combat
 + Level 2.2 Spellcasting
 + Level 2.0 Transmutations


You had 6 spell levels left.
You knew the following spells:

 Your Spells              Type           Power      Damage    Failure   Level
a - Beastly Appendage     Tmut           14%        N/A       10%         1

Your spell library contained the following spells:

 Spells                   Type           Power      Damage    Failure   Level
 Wereblood                Tmut           7%         N/A       16%         2
 Spider Form              Tmut/Pois      4%         N/A       41%         3
 Dazzling Flash           Conj/Hex       2%         N/A       56%         3
 Gell's Gravitas          Tloc           1%         N/A       56%         3
 Lesser Beckoning         Tloc           1%         N/A       56%         3
 Teleport Other           Tloc           1%         N/A       56%         3
 Ice Form                 Ice/Tmut       4%         N/A       83%         4
 Agony                    Necr           1%         N/A       100%        5
 Silence                  Hex/Air        0%         N/A       100%        5


Dungeon Overview and Level Annotations

Branches:
Dungeon (3/15)

Altars:
Dithmenos

Shops:
D:2 *

Annotations:
D:3 Ijyb


Innate Abilities, Weirdness & Mutations

You have temporarily grown beastly horns and talons.
Your plain brown scales are hard. (AC +5)
You cannot fit into any form of body armour.
You are cold-blooded and may be slowed by cold attacks.
Your flesh is heat resistant. (rF+)
You have hidden genetic potential.


Message History

The bat barely misses you. Ijyb barely misses you.
You hit Ijyb.
Ijyb is lightly wounded.
Ijyb closely misses you.
You hit Ijyb.
Ijyb is moderately wounded.
The bat hits you but does no damage. Ijyb hits you with a +4 club.
You are too injured to fight recklessly!
You are too injured to fight recklessly!
You are too injured to fight recklessly!
You are too injured to fight recklessly!
You are too injured to fight recklessly!
You are too injured to fight recklessly!
You are too injured to fight recklessly!
You are too injured to fight recklessly!
You are too injured to fight recklessly!
You are too injured to fight recklessly!
You are too injured to fight recklessly!
You are too injured to fight recklessly!
The bat hits you but does no damage. The bat closely misses you.
The bat hits you.
Okay, then.
Casting: Beastly Appendage (safe; 10% risk of failure)
Confirm with . or Enter, or press ? or * to list all spells.
You grow a pair of large bovine horns.
Your feet morph into talons.
The bat closely misses you. Ijyb misses you.
You hit Ijyb but do no damage. Your kick misses Ijyb.
Ijyb is moderately wounded.
The bat hits you. Ijyb hits you with a +4 club.
* * * LOW HITPOINT WARNING * * *
You barely miss Ijyb. You headbutt Ijyb, but do no damage.
You punch Ijyb, but do no damage.
Ijyb is moderately wounded.
Ijyb hits you with a +4 club.
* * * LOW HITPOINT WARNING * * *
You hit Ijyb. Your kick misses Ijyb. Your headbutt misses Ijyb.
Ijyb is heavily wounded.
The bat misses you. Ijyb hits you with a +4 club!
You die...

#....(.....#.#
########.#.####......
####.............#......
##########.##.#####.##.##........
#.........#.#.#####.##.####..##..
#.######.###.....##.##.......####
#.# ##.#.#.##.##.########.# ..#
##.##.......# ##.## ###
#######@#### #...# # #.gb# #...#
# #...# #...# # ##########...####
#...# #
#...............######...### #
#.....#....†....#........... #
#........................... #
#......#.#...#.##...........
######.....[#.#...#.# #####...###


You could see Ijyb and a bat.

Vanquished Creatures
  3 adders
  A dart slug (D:3)
  6 ball pythons
  6 bats
  3 endoplasms
  2 giant cockroaches (D:1)
  4 goblins
  4 hobgoblins
  A quokka (D:2)
  2 frilled lizards
  A kobold (D:1)
  8 rats
41 creatures vanquished.

Notes
Turn   | Place    | Note
-------+----------+-------------------------------------------
     0 | D:1      | TahmSelleck the Draconian Transmuter began the quest for
                  | the Orb.
     0 | D:1      | Reached XP level 1. HP: 16/16 MP: 3/3
   278 | D:1      | Reached XP level 2. HP: 23/23 MP: 5/5
   474 | D:1      | Found a faded altar of an unknown god.
   484 | D:1      | Prayed at the altar of an unknown god.
   484 | D:1      | Became a worshipper of Dithmenos the Shadowed
   484 | D:1      | Reached * piety under Dithmenos
  1539 | D:2      | Gained mutation: You have hidden genetic potential. [potion
                  | of mutation]
  1920 | D:2      | Reached XP level 3. HP: 28/28 MP: 6/6
  1934 | D:2      | Found Zekhady's Assorted Antiques.
  2696 | D:3      | Gained mutation: Your flesh is heat resistant. (rF+)
                  | [hidden potential]
  2931 | D:3      | Reached skill level 1 in Stealth
  2931 | D:3      | Reached skill level 4 in Unarmed Combat
  3043 | D:3      | Reached XP level 4. HP: 29/35 MP: 7/7
  3151 | D:3      | Noticed Ijyb
  3173 | D:3      | Slain by Ijyb

Illustrated notes

Levels and vault maps discovered:
D:1:      dpeg_cavernosity, layout_basic,
          shapermc_ecumenical_altar_mp_ritualfount, minmay_pentomino_v4
D:2:      minmay_general_purpose_star, layout_basic, serial_shops,
          nicolae_shop_hallway_stairs
D:3:      layout_loops_cross, led_sif_book, uniq_ijyb

Skill      XL: |  1  2  3 |
---------------+----------+-----
Dodging        | 2 |  2.3
Stealth        | 1 |  1.1
Unarmed Combat | 4 |  4.1
Fighting       | |  1.1
Spellcasting   | |  2.2
Transmutations | |  2.0

Action                   |  1- 3 |  4- 6 || total
-------------------------+-------+-------++-------
Melee: Unarmed           |   154 |    14 ||   168
       Tailslap          |    11 |       ||    11
       Punch             |     5 |     2 ||     7
       Headbutt          |       |     1 ||     1
 Cast: Beastly Appendage |       |     1 ||     1
  Use: Scroll            |     4 |       ||     4
       Potion            |     2 |       ||     2
 Stab: Sleeping          |     4 |       ||     4
Armor: Skin              |    51 |     5 ||    56
Dodge: Dodged            |   115 |    20 ||   135
